 Dungeon Crawl Stone Soup version 0.30-a0-634-g8abc85282e (webtiles) character file.

Game seed: 14809086481906323065

46 Sweetruy1997 the Shooter (level 3, -5/28 HPs)
             Began as a Gnoll Wanderer on Jan 14, 2023.
             Slain by Crazy Yiuf
             ... wielding a +4 quarterstaff of chaos
              (13 damage)
             ... on level 2 of the Dungeon.
             The game lasted 00:03:35 (1509 turns).

Sweetruy1997 the Shooter (Gnoll Wanderer)           Turns: 1509, Time: 00:03:36

Health: -5/28      AC:  6    Str: 10    XL:     3   Next: 66%
Magic:  7/7        EV: 15    Int: 10    God:
Gold:   83         SH:  0    Dex: 15    Spells: 5/7 levels left

rFire   . . .      SeeInvis +    b - +0 spear
rCold   . . .      Faith    .    (no shield)
rNeg    . . .      Spirit   .    c - +0 ring mail
rPois   .          Reflect  .    (no helmet)
rElec   .          Harm     .    (no cloak)
rCorr   .          Rampage  .    (no gloves)
Will    .....                    (no boots)
Stlth   +                        (no amulet)
HPRegen 0.24/turn                l - +5 ring of evasion
MPRegen 0.10/turn                o - ring of see invisible

@: no status effects
A: fangs 1, strong nose, distributed training, wild magic 2
a: no special abilities


You were on level 2 of the Dungeon.
You visited 1 branch of the dungeon, and saw 2 of its levels.

You collected 83 gold pieces.

Inventory:

Hand Weapons
 a - a +2 sling
 b - a +0 spear (weapon)
Armour
 c - a +0 ring mail (worn)
Jewellery
 l - a +5 ring of evasion (left hand)
 o - a ring of see invisible (right hand)
Scrolls
 f - a scroll of teleportation {unknown}
 g - 2 scrolls of identify {unknown}
 h - a scroll of enchant armour {unknown}
 k - a scroll of fog {unknown}
 m - a scroll of immolation {unknown}


   Skills:
 + Level 2.6 Fighting
 + Level 1.0 Short Blades
 + Level 1.0 Long Blades
 + Level 1.0 Axes
 + Level 1.0 Maces & Flails
 + Level 4.6 Polearms
 + Level 1.0 Staves
 + Level 6.5 Ranged Weapons
 + Level 1.0 Throwing
 + Level 4.6 Armour
 + Level 1.0 Dodging
 + Level 1.0 Stealth
 + Level 1.0 Shields
 + Level 1.0 Unarmed Combat
 + Level 2.9 Spellcasting
 + Level 0.7 Conjurations
 + Level 0.7 Hexes
 + Level 0.7 Summonings
 + Level 0.7 Necromancy
 + Level 0.7 Translocations
 + Level 0.7 Transmutations
 + Level 0.7 Fire Magic
 + Level 0.7 Ice Magic
 + Level 0.7 Air Magic
 + Level 0.7 Earth Magic
 + Level 0.7 Poison Magic
 + Level 1.0 Invocations
 + Level 2.6 Evocations


You had 5 spell levels left.
You knew the following spells:

 Your Spells              Type           Power      Damage    Failure   Level
a - Necrotise             Necr           16%        1d4       63%         1
b - Apportation           Tloc           8%         N/A       63%         1

Your spell library contained the following spells:

 Spells                   Type           Power      Damage    Failure   Level
 Summon Small Mammal      Summ           16%        N/A       63%         1
 Gell's Gravitas          Tloc           4%         N/A       92%         3
 Lesser Beckoning         Tloc           8%         N/A       92%         3
 Teleport Other           Tloc           4%         N/A       92%         3


Dungeon Overview and Level Annotations

Branches:
Dungeon (2/15)

Altars:

Annotations:
D:2 Crazy Yiuf


Innate Abilities, Weirdness & Mutations

You have very sharp teeth.
Your uncanny sense of smell can sniff out nearby items.
Your experience applies equally to all skills.
Your spells are harder to cast, but more powerful.


Message History

You see here 5 stones.
You see here a +0 hand axe.
Okay, then.
Okay, then.
b - a +0 spear (weapon)
It was a potion of cancellation.
You feel magically purged.
It was a potion of mutation.
You feel extremely strange.
You feel less in control of your magic. x2
Crazy Yiuf grits, "Hack rumpyflump meccalolo!"
Sorry, you're not good enough to have a special ability.
It was a potion of invisibility.
You fade into invisibility!
It was a potion of ambrosia.
You are confused.
You feel invigorated.
You bump into the runed translucent door.
You bump into the tree.
You bump into the tree.
You bump into the tree.
You bump into the tree.
Crazy Yiuf screams, "Powder mobile sing-song!"
You're too confused to move!
You feel less invigorated.
You flicker for a moment.
You feel less confused.
Crazy Yiuf screams, "Mugger!"
You open the door. You barely miss Crazy Yiuf. You hit Crazy Yiuf.
You bite Crazy Yiuf, but do no damage.
Crazy Yiuf is lightly wounded.
Crazy Yiuf screams, "Prologue arga song!"
Crazy Yiuf hits you with a +4 quarterstaff of chaos!
You are electrocuted!
Ouch! That really hurt!
* * * LOW HITPOINT WARNING * * *
You hit Crazy Yiuf.
Crazy Yiuf is moderately wounded.
Crazy Yiuf barely misses you.
You feel better.
You flicker back into view.
Crazy Yiuf hits you with a +4 quarterstaff of chaos!
You die...

###♣♣♣♣♣
##..P.♣.♣♣♣ ###
##########
##...P..♣..♣#...#
#.........
#.....P♣♣♣♣@g...#
#.....####
#.....♣♣ ♣♣#..)#
#.###.# # #..##♣♣
### #># #.# #
##.# #.###.# #
#.# #..##.# #
#.#### ###
#######..##.####
#....###.#
#.##.....##....#
####.....#
#...............
#####.#
####...#######.#


You could see Crazy Yiuf.

Vanquished Creatures
  2 adders (D:2)
  A dart slug (D:1)
  3 endoplasms
  A giant cockroach (D:1)
  A goblin (D:2)
  4 hobgoblins
  5 ball pythons
  6 bats
  2 frilled lizards
  A rat (D:2)
26 creatures vanquished.

Notes
Turn   | Place    | Note
-------+----------+-------------------------------------------
     0 | D:1      | Sweetruy1997 the Gnoll Wanderer began the quest for the
                  | Orb.
     0 | D:1      | Sweetruy1997 set off with the following items: a +2 sling,
                  | a +0 spear, a +0 ring mail, a potion of curing.
     0 | D:1      | Reached XP level 1. HP: 17/17 MP: 4/4
    78 | D:1      | Reached XP level 2. HP: 23/23 MP: 5/5
   705 | D:2      | Reached XP level 3. HP: 12/28 MP: 7/7
   866 | D:2      | Reached skill level 1 in Invocations
  1182 | D:2      | Found a runed translucent door.
  1184 | D:2      | Noticed Crazy Yiuf
  1252 | D:2      | Reached skill level 1 in Short Blades
  1252 | D:2      | Reached skill level 1 in Long Blades
  1252 | D:2      | Reached skill level 1 in Axes
  1252 | D:2      | Reached skill level 1 in Maces & Flails
  1252 | D:2      | Reached skill level 1 in Staves
  1252 | D:2      | Reached skill level 1 in Throwing
  1252 | D:2      | Reached skill level 1 in Dodging
  1252 | D:2      | Reached skill level 1 in Stealth
  1252 | D:2      | Reached skill level 1 in Shields
  1252 | D:2      | Reached skill level 1 in Unarmed Combat
  1330 | D:2      | Learned a level 1 spell: Necrotise
  1332 | D:2      | Learned a level 1 spell: Apportation
  1492 | D:2      | Gained mutation: Your spells are a little harder to cast,
                  | but a little more powerful. [potion of mutation]
  1492 | D:2      | Gained mutation: Your spells are harder to cast, but more
                  | powerful. [potion of mutation]
  1509 | D:2      | Slain by Crazy Yiuf

Illustrated notes

Levels and vault maps discovered:
D:1:      nzn_arrival_crosshair, layout_basic
D:2:      layout_loops_ring, uniq_crazy_yiuf_cottage

Skill      XL: |  1  2  3 |
---------------+----------+-----
Invocations    | 1 |  1.0
Short Blades   | 1 |  1.0
Long Blades    | 1 |  1.0
Axes           | 1 |  1.0
Maces & Flails | 1 |  1.0
Staves         | 1 |  1.0
Throwing       | 1 |  1.0
Dodging        | 1 |  1.0
Stealth        | 1 |  1.0
Shields        | 1 |  1.0
Unarmed Combat | 1 |  1.0
Fighting       | |  2.6
Polearms       | |  4.6
Ranged Weapons | |  6.5
Armour         | |  4.6
Spellcasting   | |  2.9
Conjurations   | |  0.7
Hexes          | |  0.7
Summonings     | |  0.7
Necromancy     | |  0.7
Translocations | |  0.7
Transmutations | |  0.7
Fire Magic     | |  0.7
Ice Magic      | |  0.7
Air Magic      | |  0.7
Earth Magic    | |  0.7
Poison Magic   | |  0.7
Evocations     | |  2.6

Action                   || total
-------------------------++-------
Melee: Spear             ||    14
       Bite              ||     2
 Fire: Sling             ||    79
  Use: Potion            ||     5
Armor: Ring mail         ||    12
Dodge: Dodged            ||    29

Table legend: (Time is in decaauts)
 A = Elapsed time spent in this place.
 B = Non-inter-level travel time spent in this place.
 C = Inter-level travel time spent in this place.
 D = Time resting spent in this place.
 E = Time spent auto-exploring this place.
 F = Levels seen in this place.
 G = Mean time per level.
                   A        B        C        D        E       F      G
               +--------+--------+--------+--------+--------+-----+--------+
         Total |   1519 |   1509 |     10 |      0 |   1319 |   2 |  759.5 |
       Dungeon |   1519 |   1509 |     10 |      0 |   1319 |   2 |  759.5 |
               +--------+--------+--------+--------+--------+-----+--------+

Top non-repeatable levels by time:
     D:2: 891 daAuts
     D:1: 628 daAuts
